Mulligans vs Harfangs
Created - November 6, 2017 at 19:17
Goals
|
| Mulligans |
1 |
0 |
1 |
2 |
| Harfangs |
1 |
1 |
1 |
3 |
|
Shots
|
| Mulligans |
11 |
6 |
9 |
26 |
| Harfangs |
9 |
12 |
8 |
29 |
|
1st period
1. Harfangs , Cam Atkinson 8 (Cody Eakin 6) at 7:54 (PP)
2. Mulligans , Jonathan Tremblay 3 (Cody Goloubef 7, Eric Tangradi 10) at 11:34
Penalties :
Dustin Jeffrey (BEA) for Hooking (Minor) at 5:34, Sven Baertschi (Rep) for Boarding (Minor) at 7:53, Cody Goloubef (Rep) for High sticking (Minor) at 8:54, Dennis Everberg (BEA) for Hooking (Minor) at 13:46, Logan Shaw (Rep) for Holding (Minor) at 16:18
2nd period
3. Harfangs , Dustin Jeffrey 1 (Cam Atkinson 5, Cody Eakin 7) at 11:19
Penalties :
Derek Dorsett (Rep) for Hooking (Minor) at 0:44, Sven Baertschi (Rep) for Hooking (Minor) at 6:49, Nick Holden (BEA) for Roughing (Minor) at 12:28, Nathan Beaulieu (BEA) for Cross-checking (Minor) at 19:01
3rd period
4. Mulligans , Matt Donovan 1 (Anton Lander 3, Matt Beleskey 5) at 0:34 (PP)
5. Harfangs , Tomas Tatar 3 (Mark Alt 2, Nick Holden 2) at 3:23 (PP)
Penalties :
Christoph Bertschy (Rep) for Hooking (Minor) at 2:50, Cam Atkinson (BEA) for Hooking (Minor) at 3:36
Goalie Stats
Anders Lindback (Rep), 26 saves from 29 shots - (0.897), L, 5-3-0, 58:50 minutes
Andrew Hammond (BEA), 24 saves from 26 shots - (0.923), W, 4-3-1, 60:00 minutes
Players Stats for Mulligans
Player Name G A P +/- PIM S H SB GA TA FO MP PP MP PK MP
------------------------------------------------------------------------------------
Anton Lander 0 1 1 0 0 3 2 0 0 0 3/7 17:33 4:27 2:53
Ben Hutton 0 0 0 -1 0 0 0 2 0 0 0/0 12:10 0:00 0:52
Cade Fairchild 0 0 0 -1 0 0 1 1 1 0 0/0 10:39 0:00 0:00
Christoph Bertschy 0 0 0 -1 2 0 0 0 0 0 0/1 8:43 0:00 0:07
Cody Goloubef 0 1 1 1 2 1 0 0 1 0 0/0 20:32 4:44 2:07
Dalton Thrower 0 0 0 0 0 0 3 0 0 0 0/0 6:52 0:00 1:22
Derek Dorsett 0 0 0 0 2 0 2 0 0 0 0/0 15:07 4:27 0:00
Drayson Bowman 0 0 0 0 0 1 1 0 0 0 0/0 11:50 0:00 1:11
Eric Tangradi 0 1 1 1 0 2 3 1 0 1 3/7 22:28 5:02 4:24
Jonathan Tremblay 1 0 1 1 0 5 0 1 0 0 0/2 21:57 5:02 4:14
Joonas Donskoi 0 0 0 -1 0 0 0 0 0 0 0/0 8:03 0:00 0:00
Logan Shaw 0 0 0 0 2 0 4 0 1 0 0/0 10:29 0:00 0:00
Matt Beleskey 0 1 1 0 0 3 2 0 1 0 0/1 14:45 4:27 0:00
Matt Donovan 1 0 1 0 0 4 0 1 0 0 0/0 21:04 4:44 3:19
Matt Niskanen 0 0 0 1 0 2 1 1 1 1 0/0 26:26 4:45 4:40
Maxime Macenauer 0 0 0 0 0 4 0 0 1 0 12/26 19:43 5:02 2:41
Nick Shore 0 0 0 0 0 0 0 0 0 1 1/4 9:51 0:00 0:00
Sven Baertschi 0 0 0 -1 4 0 3 0 0 0 0/0 10:15 0:00 1:30
Thomas Hickey 0 0 0 1 0 1 1 2 1 0 0/0 22:57 4:45 4:40
Players Stats for Harfangs
Player Name G A P +/- PIM S H SB GA TA FO MP PP MP PK MP
------------------------------------------------------------------------------------
Alex Plante 0 0 0 0 0 0 0 1 0 0 0/0 9:41 0:00 0:00
Andreas Martinsen 0 0 0 -1 0 1 0 0 0 0 0/0 11:49 0:00 1:18
Angelo Esposito 0 0 0 -1 0 0 0 1 0 0 0/1 10:28 0:00 0:00
Brandon Pirri 0 0 0 0 0 0 1 0 1 1 1/1 14:09 3:55 0:00
Brandon Saad 0 0 0 0 0 1 1 0 0 0 0/0 8:34 0:00 0:00
Brendan Leipsic 0 0 0 0 0 0 0 0 0 0 0/0 0:00 0:00 0:00
Brenden Kichton 0 0 0 0 0 0 0 1 0 0 0/0 5:21 0:00 0:16
Brian Lashoff 0 0 0 0 0 0 3 1 0 4 0/0 26:29 4:41 5:57
Calle Jarnkrok 0 0 0 0 0 1 4 0 0 1 4/6 14:24 3:55 0:12
Cam Atkinson 1 1 2 1 2 3 0 0 0 0 5/10 22:00 4:32 4:46
Cody Eakin 0 2 2 1 0 4 1 0 0 0 13/23 22:41 4:24 5:41
Cristoval Nieves 0 0 0 0 0 1 0 0 0 1 1/2 9:21 0:00 0:47
Dennis Everberg 0 0 0 -1 2 3 2 0 0 0 0/0 10:27 0:00 0:00
Dustin Jeffrey 1 0 1 1 2 4 1 1 0 0 2/2 18:41 4:24 1:41
Jake Dotchin 0 0 0 0 0 0 0 0 0 0 0/0 5:05 0:00 0:00
Joel Armia 0 0 0 0 0 0 0 0 0 0 0/0 0:12 0:11 0:00
John Macfarland 0 0 0 0 0 0 0 0 0 0 0/0 0:00 0:00 0:00
Mark Alt 0 1 1 0 0 0 1 0 0 0 0/0 18:45 3:49 3:32
Michal Repik 0 0 0 0 0 1 0 0 0 0 0/0 8:34 0:00 0:00
Nathan Beaulieu 0 0 0 0 2 1 3 2 1 0 0/0 25:03 4:41 4:32
Nick Holden 0 1 1 0 2 1 1 0 0 0 0/0 18:00 3:49 2:44
Reid McNeill 0 0 0 0 0 2 1 2 0 0 0/0 11:38 0:00 1:57
Sebastian Wannstrom 0 0 0 0 0 0 0 0 0 0 2/2 2:11 0:00 2:06
Tobias Rieder 0 0 0 0 0 0 0 0 0 0 0/0 0:16 0:14 0:00
Tomas Tatar 1 0 1 0 0 6 1 1 1 0 1/1 16:37 3:55 2:27
3 Stars
1 - Cody Eakin (BEA)
2 - Cam Atkinson (BEA)
3 - Jonathan Tremblay (Rep)
Power Play
Mulligans - 1 on 5 Attempt(s) - 20.00%
Harfangs - 2 on 6 Attempt(s) - 33.33%
Penalty Kill
Mulligans - 4 on 6 Attempt(s) - 66.67%
- Score 0 goal in Penalty Kill
Harfangs - 4 on 5 Attempt(s) - 80.00%
- Score 0 goal in Penalty Kill
Team Stat
Mulligans - Hits : 23 - Faceoff Wins : 19 - Blocked Shots : 9 - Penalty Minutes : 12
Harfangs - Hits : 20 - Faceoff Wins : 29 - Blocked Shots : 10 - Penalty Minutes : 10
Official
Referees : Dwyer Gord and Hebert Ghislain
Linesman : Michel Cormier and Andy McElman
Game Notes
No Game Note
Finance
Level 1 -- Attendance: 1488 (74.40%) -- Ticket Income $50,592
Level 2 -- Attendance: 779 (77.90%) -- Ticket Income $14,801
Total Attendance: 2267 (75.57%)
Total Ticket Income: $65,393
Other Income: $3,270
Total Income: $68,663
Mulligans
5 vs 5 Forward
Center Left Wing Right Wing Time % Phy DF OF
1 Maxime Macenauer Eric Tangradi Jonathan Tremblay 40 1 2 2
2 Anton Lander Matt Beleskey Derek Dorsett 30 1 2 2
3 Nick Shore Drayson Bowman Logan Shaw 20 1 2 2
4 Christoph Bertschy Sven Baertschi Joonas Donskoi 10 1 2 2
5 vs 5 Defense
Defense Defense Time % Phy DF OF
1 Matt Niskanen Thomas Hickey 40 1 2 2
2 Matt Donovan Cody Goloubef 30 1 2 2
3 Cade Fairchild Ben Hutton 20 1 2 2
4 Dalton Thrower Matt Niskanen 10 1 2 2
PowerPlay Forward
Center Left Wing Right Wing Time % Phy DF OF
1 Maxime Macenauer Eric Tangradi Jonathan Tremblay 60 1 2 2
2 Anton Lander Matt Beleskey Derek Dorsett 40 1 2 2
PowerPlay Defense
Defense Defense Time % Phy DF OF
1 Matt Niskanen Thomas Hickey 60 1 2 2
2 Matt Donovan Cody Goloubef 40 1 2 2
Penalty Kill 4 Players Forward
Center Wing Time % Phy DF OF
1 Eric Tangradi Jonathan Tremblay 60 1 2 2
2 Maxime Macenauer Anton Lander 40 1 2 2
Penalty Kill 4 Players Defense
Defense Defense Time % Phy DF OF
1 Matt Niskanen Thomas Hickey 60 1 2 2
2 Matt Donovan Cody Goloubef 40 1 2 2
Penalty Kill - 3 Players Forward
Forward Time % Phy DF OF
1 Eric Tangradi 60 1 2 2
2 Jonathan Tremblay 40 1 2 2
Penalty Kill - 3 Players Defense
Defense Defense Time % Phy DF OF
1 Matt Niskanen Thomas Hickey 60 1 2 2
2 Matt Donovan Cody Goloubef 40 1 2 2
4 vs 4 Forward
Center Wing Time % Phy DF OF
1 Eric Tangradi Jonathan Tremblay 60 1 2 2
2 Maxime Macenauer Anton Lander 40 1 2 2
4 vs 4 Defense
Defense Defense Time % Phy DF OF
1 Matt Niskanen Thomas Hickey 60 1 2 2
2 Matt Donovan Cody Goloubef 40 1 2 2
Last Minutes Offensive
Center Left Wing Right Wing Defense Defense
Maxime Macenauer Eric Tangradi Jonathan Tremblay Matt Niskanen Thomas Hickey
Last Minutes Defensive
Center Left Wing Right Wing Defense Defense
Maxime Macenauer Eric Tangradi Jonathan Tremblay Matt Niskanen Thomas Hickey
Goaltenders
Starting : Anders Lindback
Backup : Calvin Pickard
Extra Forwards
Normal : Drayson Bowman, Logan Shaw, Sven Baertschi - PP : Drayson Bowman, Logan Shaw - PK : Sven Baertschi
Extra Defensemen
Normal : Cade Fairchild, Ben Hutton, Dalton Thrower - PP : Cade Fairchild - PK : Ben Hutton, Dalton Thrower
Penalty Shots
Eric Tangradi, Jonathan Tremblay, Maxime Macenauer, Anton Lander, Matt Beleskey
Scratches
Reid Boucher (Healthy), Darren Dietz (Sports Hernia Injury), Mario Lucia (Healthy), Adam Lowry (Healthy), Nick Bonino (Head Injury)
Marek Langhamer (Healthy)
Harfangs
5 vs 5 Forward
Center Left Wing Right Wing Time % Phy DF OF
1 Cody Eakin Dustin Jeffrey Cam Atkinson 40 1 2 2
2 Calle Jarnkrok Tomas Tatar Brandon Pirri 30 1 2 2
3 Angelo Esposito Andreas Martinsen Dennis Everberg 20 1 2 2
4 Cristoval Nieves Brandon Saad Michal Repik 10 1 2 2
5 vs 5 Defense
Defense Defense Time % Phy DF OF
1 Brian Lashoff Nathan Beaulieu 40 1 2 2
2 Nick Holden Mark Alt 30 1 2 2
3 Alex Plante Reid McNeill 20 1 2 2
4 Brenden Kichton Jake Dotchin 10 1 2 2
PowerPlay Forward
Center Left Wing Right Wing Time % Phy DF OF
1 Cody Eakin Dustin Jeffrey Cam Atkinson 60 1 2 2
2 Calle Jarnkrok Tomas Tatar Brandon Pirri 40 1 2 2
PowerPlay Defense
Defense Defense Time % Phy DF OF
1 Brian Lashoff Nathan Beaulieu 60 1 2 2
2 Nick Holden Mark Alt 40 1 2 2
Penalty Kill 4 Players Forward
Center Wing Time % Phy DF OF
1 Cam Atkinson Cody Eakin 60 1 2 2
2 Dustin Jeffrey Tomas Tatar 40 1 2 2
Penalty Kill 4 Players Defense
Defense Defense Time % Phy DF OF
1 Brian Lashoff Nathan Beaulieu 60 1 2 2
2 Nick Holden Mark Alt 40 1 2 2
Penalty Kill - 3 Players Forward
Forward Time % Phy DF OF
1 Cam Atkinson 60 1 2 2
2 Cody Eakin 40 1 2 2
Penalty Kill - 3 Players Defense
Defense Defense Time % Phy DF OF
1 Brian Lashoff Nathan Beaulieu 60 1 2 2
2 Nick Holden Mark Alt 40 1 2 2
4 vs 4 Forward
Center Wing Time % Phy DF OF
1 Cam Atkinson Cody Eakin 60 1 2 2
2 Dustin Jeffrey Tomas Tatar 40 1 2 2
4 vs 4 Defense
Defense Defense Time % Phy DF OF
1 Brian Lashoff Nathan Beaulieu 60 1 2 2
2 Nick Holden Mark Alt 40 1 2 2
Last Minutes Offensive
Center Left Wing Right Wing Defense Defense
Cody Eakin Dustin Jeffrey Cam Atkinson Brian Lashoff Nathan Beaulieu
Last Minutes Defensive
Center Left Wing Right Wing Defense Defense
Cody Eakin Dustin Jeffrey Cam Atkinson Brian Lashoff Nathan Beaulieu
Goaltenders
Starting : Andrew Hammond
Backup : Anton Forsberg
Extra Forwards
Normal : Tobias Rieder, Joel Armia, Sebastian Wannstrom - PP : Tobias Rieder, Joel Armia - PK : Sebastian Wannstrom
Extra Defensemen
Normal : Alex Plante, Reid McNeill, Brenden Kichton - PP : Alex Plante - PK : Reid McNeill, Brenden Kichton
Penalty Shots
Cam Atkinson, Cody Eakin, Dustin Jeffrey, Tomas Tatar, Andreas Martinsen
Scratches
Dylan Olsen (Bruised Left Arm Injury), Connor Hellebyuk (Healthy), Jason Kasdorf (Healthy), Mark Visentin (Healthy), Scott Wedgewood (Healthy)
% Time on Ice - Mulligans
Lines # - Real PCT - Wanted PCT - Time Play
Normal Forward
1 - 31% - 40% - 12:50
2 - 25% - 30% - 10:18
3 - 24% - 20% - 9:51
4 - 20% - 10% - 8:03
Normal Defense
1 - 32% - 40% - 13:15
2 - 32% - 30% - 13:01
3 - 24% - 20% - 9:56
4 - 12% - 10% - 4:50
PP Forward
1 - 53% - 60% - 5:02
2 - 47% - 40% - 4:27
PP Defense
1 - 50% - 60% - 4:45
2 - 50% - 40% - 4:44
PK Forward
1 - 68% - 60% - 5:49
2 - 32% - 40% - 2:41
PK Defense
1 - 61% - 60% - 5:11
2 - 39% - 40% - 3:19
PK3 Forward
1 - 0% - 60%
2 - 0% - 40%
PK3 Defense
1 - 0% - 60%
2 - 0% - 40%
44 Forward
1 - 0% - 60%
2 - 0% - 40%
44 Defense
1 - 0% - 60%
2 - 0% - 40%
Last Minute Offensive - 0:59
Last Minute Defensive - 0:00
Total
Forward - 60:00
Defense - 60:00
|
% Time on Ice - Harfangs
Lines # - Real PCT - Wanted PCT - Time Play
Normal Forward
1 - 29% - 40% - 11:44
2 - 25% - 30% - 10:15
3 - 26% - 20% - 10:28
4 - 21% - 10% - 8:34
Normal Defense
1 - 38% - 40% - 15:35
2 - 28% - 30% - 11:24
3 - 22% - 20% - 8:57
4 - 12% - 10% - 5:05
PP Forward
1 - 54% - 60% - 4:35
2 - 46% - 40% - 3:55
PP Defense
1 - 55% - 60% - 4:41
2 - 45% - 40% - 3:49
PK Forward
1 - 74% - 60% - 7:02
2 - 26% - 40% - 2:27
PK Defense
1 - 63% - 60% - 5:57
2 - 37% - 40% - 3:32
PK3 Forward
1 - 0% - 60%
2 - 0% - 40%
PK3 Defense
1 - 0% - 60%
2 - 0% - 40%
44 Forward
1 - 0% - 60%
2 - 0% - 40%
44 Defense
1 - 0% - 60%
2 - 0% - 40%
Last Minute Offensive - 0:00
Last Minute Defensive - 1:00
Total
Forward - 60:00
Defense - 60:00
|
Play by Play
1st period
0:01 of 1st period - Cody Eakin wins face-off versus Eric Tangradi in neutral zone.
0:04 of 1st period - Thomas Hickey is hit by Brian Lashoff and loses puck.
0:32 of 1st period - Off-side.
0:33 of 1st period - Calle Jarnkrok wins face-off versus Anton Lander in neutral zone.
0:42 of 1st period - Slapshot by Tomas Tatar.
0:42 of 1st period - Stopped by Anders Lindback with a rebound.
1:29 of 1st period - Snap shot by Dustin Jeffrey.
1:29 of 1st period - Stopped by Anders Lindback with a rebound.
1:43 of 1st period - Alex Plante is hit by Eric Tangradi and loses puck.
2:01 of 1st period - Derek Dorsett is hit by Brandon Pirri.
2:54 of 1st period - Slapshot by Eric Tangradi.
2:54 of 1st period - Shot Misses the Net.
2:56 of 1st period - Snap shot by Jonathan Tremblay.
2:56 of 1st period - Shot Misses the Net.
3:16 of 1st period - Snap shot by Brandon Saad.
3:16 of 1st period - Stopped by Anders Lindback with a rebound.
3:34 of 1st period - Snap shot by Tomas Tatar.
3:34 of 1st period - Shot Misses the Net.
3:49 of 1st period - Snap shot by Logan Shaw.
3:49 of 1st period - Shot Misses the Net.
3:51 of 1st period - Slapshot by Matt Donovan.
3:51 of 1st period - Shot Blocked by Brenden Kichton.
3:53 of 1st period - Slapshot by Matt Donovan.
3:53 of 1st period - Stopped by Andrew Hammond with a rebound.
3:55 of 1st period - Slapshot by Drayson Bowman.
3:55 of 1st period - Stopped by Andrew Hammond without a rebound.
3:56 of 1st period - Maxime Macenauer wins face-off versus Cody Eakin in Harfangs zone.
4:33 of 1st period - Cade Fairchild is hit by Reid McNeill and loses puck.
4:46 of 1st period - Snap shot by Brandon Saad.
4:46 of 1st period - Shot Blocked by Ben Hutton.
4:48 of 1st period - Snap shot by Brandon Saad.
4:48 of 1st period - Shot Misses the Net.
4:50 of 1st period - Slapshot by Nick Holden.
4:50 of 1st period - Shot Misses the Net.
4:52 of 1st period - Wrist shot by Michal Repik.
4:52 of 1st period - Deflect By Brandon Saad.
4:52 of 1st period - Shot Misses the Net.
4:52 of 1st period - Puck is out of play.
4:53 of 1st period - Maxime Macenauer wins face-off versus Cody Eakin in Mulligans zone.
5:02 of 1st period - Slapshot by Jonathan Tremblay.
5:02 of 1st period - Stopped by Andrew Hammond without a rebound.
5:03 of 1st period - Dustin Jeffrey wins face-off versus Maxime Macenauer in Harfangs zone.
5:12 of 1st period - Slapshot by Maxime Macenauer.
5:12 of 1st period - Stopped by Andrew Hammond without a rebound.
5:13 of 1st period - Cody Eakin wins face-off versus Maxime Macenauer in Harfangs zone.
5:18 of 1st period - Matt Niskanen is hit by Nathan Beaulieu.
5:23 of 1st period - Icing by Matt Niskanen.
5:24 of 1st period - Cody Eakin wins face-off versus Jonathan Tremblay in Mulligans zone.
5:34 of 1st period - Minor Penalty to Dustin Jeffrey for Hooking.
5:35 of 1st period - Maxime Macenauer wins face-off versus Cam Atkinson in Harfangs zone.
6:08 of 1st period - Icing by Anton Lander.
6:09 of 1st period - Sebastian Wannstrom wins face-off versus Maxime Macenauer in Mulligans zone.
6:16 of 1st period - Snap shot by Sebastian Wannstrom.
6:16 of 1st period - Deflect By Tomas Tatar.
6:16 of 1st period - Shot Blocked by Matt Niskanen.
6:16 of 1st period - Puck is out of play.
6:17 of 1st period - Maxime Macenauer wins face-off versus Cam Atkinson in Mulligans zone.
6:22 of 1st period - Wrist shot by Eric Tangradi.
6:22 of 1st period - Deflect By Jonathan Tremblay.
6:22 of 1st period - Stopped by Andrew Hammond with a rebound.
6:32 of 1st period - Snap shot by Cody Eakin.
6:32 of 1st period - Shot Misses the Net.
7:01 of 1st period - Off-side.
7:02 of 1st period - Cam Atkinson wins face-off versus Maxime Macenauer in neutral zone.
7:34 of 1st period - Penalty to Dustin Jeffrey is over, Dustin Jeffrey is back on ice.
7:53 of 1st period - Minor Penalty to Sven Baertschi for Boarding.
7:54 of 1st period - Cody Eakin wins face-off versus Eric Tangradi in Mulligans zone.
7:54 of 1st period - Slapshot by Cam Atkinson.
7:54 of 1st period - Goal by Cam Atkinson - Mulligans : 0 - Harfangs : 1.
7:55 of 1st period - Maxime Macenauer wins face-off versus Cody Eakin in neutral zone.
8:11 of 1st period - Wrist shot by Eric Tangradi.
8:11 of 1st period - Shot Blocked by Dustin Jeffrey.
8:21 of 1st period - Brian Lashoff is hit by Logan Shaw and loses puck.
8:30 of 1st period - Slapshot by Matt Donovan.
8:30 of 1st period - Stopped by Andrew Hammond without a rebound.
8:31 of 1st period - Tomas Tatar wins face-off versus Anton Lander in Harfangs zone.
8:38 of 1st period - Wrist shot by Anton Lander.
8:38 of 1st period - Shot Blocked by Tomas Tatar.
8:54 of 1st period - Minor Penalty to Cody Goloubef for High sticking.
8:55 of 1st period - Cody Eakin wins face-off versus Eric Tangradi in Mulligans zone.
8:58 of 1st period - Wrist shot by Cam Atkinson.
8:58 of 1st period - Stopped by Anders Lindback with a rebound.
9:00 of 1st period - Slapshot by Brian Lashoff.
9:00 of 1st period - Shot Blocked by Thomas Hickey.
9:08 of 1st period - Snap shot by Dustin Jeffrey.
9:08 of 1st period - Shot Misses the Net.
9:10 of 1st period - Slapshot by Nathan Beaulieu.
9:10 of 1st period - Stopped by Anders Lindback with a rebound.
10:33 of 1st period - Maxime Macenauer is hit by Calle Jarnkrok and loses puck.
10:54 of 1st period - Penalty to Cody Goloubef is over, Cody Goloubef is back on ice.
11:28 of 1st period - Wrist shot by Eric Tangradi.
11:28 of 1st period - Shot Misses the Net.
11:30 of 1st period - Wrist shot by Eric Tangradi.
11:30 of 1st period - Shot Blocked by Reid McNeill.
11:32 of 1st period - Slapshot by Cody Goloubef.
11:32 of 1st period - Shot Misses the Net.
11:34 of 1st period - Snap shot by Jonathan Tremblay.
11:34 of 1st period - Goal by Jonathan Tremblay - Mulligans : 1 - Harfangs : 1.
11:35 of 1st period - Anton Lander wins face-off versus Cody Eakin in neutral zone.
11:48 of 1st period - Snap shot by Matt Beleskey.
11:48 of 1st period - Stopped by Andrew Hammond with a rebound.
11:50 of 1st period - Snap shot by Cade Fairchild.
11:50 of 1st period - Deflect By Matt Beleskey.
11:50 of 1st period - Shot Blocked by Nathan Beaulieu.
11:50 of 1st period - Puck is out of play.
11:51 of 1st period - Nick Shore wins face-off versus Calle Jarnkrok in Harfangs zone.
12:14 of 1st period - Nathan Beaulieu is hit by Drayson Bowman.
12:30 of 1st period - Wrist shot by Anton Lander.
12:30 of 1st period - Stopped by Andrew Hammond with a rebound.
13:09 of 1st period - Wrist shot by Dennis Everberg.
13:09 of 1st period - Shot Misses the Net.
13:11 of 1st period - Wrist shot by Dennis Everberg.
13:11 of 1st period - Shot Misses the Net.
13:13 of 1st period - Slapshot by Mark Alt.
13:13 of 1st period - Deflect By Dennis Everberg.
13:13 of 1st period - Shot Misses the Net.
13:13 of 1st period - Puck is out of play.
13:14 of 1st period - Maxime Macenauer wins face-off versus Angelo Esposito in Mulligans zone.
13:14 of 1st period - Maxime Macenauer is hit by Dennis Everberg.
13:20 of 1st period - Snap shot by Dennis Everberg.
13:20 of 1st period - Shot Blocked by Eric Tangradi.
13:32 of 1st period - Snap shot by Andreas Martinsen.
13:32 of 1st period - Shot Misses the Net.
13:38 of 1st period - Eric Tangradi is hit by Nathan Beaulieu and loses puck.
13:46 of 1st period - Minor Penalty to Dennis Everberg for Hooking.
13:47 of 1st period - Cam Atkinson wins face-off versus Anton Lander in Harfangs zone.
13:47 of 1st period - Cam Atkinson is hit by Derek Dorsett.
14:00 of 1st period - Snap shot by Anton Lander.
14:00 of 1st period - Stopped by Andrew Hammond with a rebound.
14:02 of 1st period - Slapshot by Thomas Hickey.
14:02 of 1st period - Shot Misses the Net.
14:12 of 1st period - Wrist shot by Eric Tangradi.
14:12 of 1st period - Stopped by Andrew Hammond without a rebound.
14:13 of 1st period - Maxime Macenauer wins face-off versus Cam Atkinson in Harfangs zone.
15:46 of 1st period - Penalty to Dennis Everberg is over, Dennis Everberg is back on ice.
16:18 of 1st period - Minor Penalty to Logan Shaw for Holding.
16:19 of 1st period - Eric Tangradi wins face-off versus Cody Eakin in Mulligans zone.
16:30 of 1st period - Snap shot by Cam Atkinson.
16:30 of 1st period - Deflect By Dustin Jeffrey.
16:30 of 1st period - Stopped by Anders Lindback with a rebound.
17:27 of 1st period - Nick Holden is hit by Matt Niskanen and loses puck.
18:18 of 1st period - Penalty to Logan Shaw is over, Logan Shaw is back on ice.
18:27 of 1st period - Nathan Beaulieu is hit by Eric Tangradi.
18:31 of 1st period - Sven Baertschi is hit by Nathan Beaulieu and loses puck.
19:06 of 1st period - Wrist shot by Logan Shaw.
19:06 of 1st period - Shot Misses the Net.
19:51 of 1st period - Snap shot by Tomas Tatar.
19:51 of 1st period - Stopped by Anders Lindback with a rebound.
19:53 of 1st period - Slapshot by Nick Holden.
19:53 of 1st period - Stopped by Anders Lindback with a rebound.
Goals for this period are 1 for Mulligans vs 1 for Harfangs.
Shots for this period are 11 for Mulligans vs 9 for Harfangs.
2nd period
0:01 of 2nd period - Cody Eakin wins face-off versus Jonathan Tremblay in neutral zone.
0:18 of 2nd period - Matt Niskanen is hit by Brian Lashoff and loses puck.
0:29 of 2nd period - Matt Niskanen is hit by Brian Lashoff and loses puck.
0:44 of 2nd period - Minor Penalty to Derek Dorsett for Hooking.
0:45 of 2nd period - Eric Tangradi wins face-off versus Cody Eakin in Mulligans zone.
0:45 of 2nd period - Eric Tangradi is hit by Dustin Jeffrey.
0:59 of 2nd period - Wrist shot by Eric Tangradi.
0:59 of 2nd period - Shot Misses the Net.
1:11 of 2nd period - Jonathan Tremblay is hit by Nick Holden and loses puck.
1:46 of 2nd period - Wrist shot by Maxime Macenauer.
1:46 of 2nd period - Shot Blocked by Nathan Beaulieu.
2:44 of 2nd period - Penalty to Derek Dorsett is over, Derek Dorsett is back on ice.
2:46 of 2nd period - Wrist shot by Derek Dorsett.
2:46 of 2nd period - Shot Blocked by Angelo Esposito.
3:14 of 2nd period - Wrist shot by Drayson Bowman.
3:14 of 2nd period - Shot Blocked by Alex Plante.
3:35 of 2nd period - Wrist shot by Eric Tangradi.
3:35 of 2nd period - Shot Misses the Net.
4:18 of 2nd period - Off-side.
4:19 of 2nd period - Brandon Pirri wins face-off versus Nick Shore in neutral zone.
4:22 of 2nd period - Slapshot by Nathan Beaulieu.
4:22 of 2nd period - Shot Misses the Net.
4:30 of 2nd period - Slapshot by Matt Donovan.
4:30 of 2nd period - Stopped by Andrew Hammond without a rebound.
4:31 of 2nd period - Maxime Macenauer wins face-off versus Cody Eakin in Harfangs zone.
4:56 of 2nd period - Derek Dorsett is hit by Tomas Tatar and loses puck.
5:47 of 2nd period - Snap shot by Michal Repik.
5:47 of 2nd period - Shot Misses the Net.
6:09 of 2nd period - Wrist shot by Cody Eakin.
6:09 of 2nd period - Stopped by Anders Lindback with a rebound.
6:11 of 2nd period - Snap shot by Cody Eakin.
6:11 of 2nd period - Shot Misses the Net.
6:13 of 2nd period - Snap shot by Cody Eakin.
6:13 of 2nd period - Stopped by Anders Lindback with a rebound.
6:49 of 2nd period - Minor Penalty to Sven Baertschi for Hooking.
6:50 of 2nd period - Eric Tangradi wins face-off versus Cody Eakin in Mulligans zone.
8:14 of 2nd period - Maxime Macenauer is hit by Cody Eakin and loses puck.
8:49 of 2nd period - Penalty to Sven Baertschi is over, Sven Baertschi is back on ice.
8:56 of 2nd period - Snap shot by Drayson Bowman.
8:56 of 2nd period - Shot Misses the Net.
9:02 of 2nd period - Snap shot by Nick Holden.
9:02 of 2nd period - Shot Misses the Net.
9:04 of 2nd period - Snap shot by Dennis Everberg.
9:04 of 2nd period - Stopped by Anders Lindback with a rebound.
9:06 of 2nd period - Slapshot by Nick Holden.
9:06 of 2nd period - Shot Misses the Net.
10:02 of 2nd period - Slapshot by Dennis Everberg.
10:02 of 2nd period - Stopped by Anders Lindback with a rebound.
10:04 of 2nd period - Wrist shot by Brenden Kichton.
10:04 of 2nd period - Shot Misses the Net.
10:14 of 2nd period - Alex Plante is hit by Eric Tangradi and loses puck.
10:50 of 2nd period - Brandon Pirri is hit by Derek Dorsett and loses puck.
11:05 of 2nd period - Icing by Sven Baertschi.
11:06 of 2nd period - Cody Eakin wins face-off versus Christoph Bertschy in Mulligans zone.
11:09 of 2nd period - Slapshot by Cody Eakin.
11:09 of 2nd period - Shot Blocked by Cade Fairchild.
11:11 of 2nd period - Snap shot by Alex Plante.
11:11 of 2nd period - Shot Blocked by Ben Hutton.
11:19 of 2nd period - Slapshot by Dustin Jeffrey.
11:19 of 2nd period - Goal by Dustin Jeffrey - Mulligans : 1 - Harfangs : 2.
11:20 of 2nd period - Cody Eakin wins face-off versus Maxime Macenauer in neutral zone.
11:25 of 2nd period - Snap shot by Dustin Jeffrey.
11:25 of 2nd period - Stopped by Anders Lindback without a rebound.
11:26 of 2nd period - Cody Eakin wins face-off versus Maxime Macenauer in Mulligans zone.
11:58 of 2nd period - Slapshot by Nathan Beaulieu.
11:58 of 2nd period - Shot Misses the Net.
12:00 of 2nd period - Slapshot by Cam Atkinson.
12:00 of 2nd period - Deflect By Cody Eakin.
12:00 of 2nd period - Stopped by Anders Lindback with a rebound.
12:06 of 2nd period - Snap shot by Cody Eakin.
12:06 of 2nd period - Stopped by Anders Lindback without a rebound.
12:07 of 2nd period - Calle Jarnkrok wins face-off versus Anton Lander in Mulligans zone.
12:08 of 2nd period - Wrist shot by Tomas Tatar.
12:08 of 2nd period - Stopped by Anders Lindback with a rebound.
12:28 of 2nd period - Minor Penalty to Nick Holden for Roughing.
12:29 of 2nd period - Cam Atkinson wins face-off versus Maxime Macenauer in Harfangs zone.
12:32 of 2nd period - Wrist shot by Maxime Macenauer.
12:32 of 2nd period - Stopped by Andrew Hammond without a rebound.
12:33 of 2nd period - Cam Atkinson wins face-off versus Maxime Macenauer in Harfangs zone.
13:16 of 2nd period - Snap shot by Tomas Tatar.
13:16 of 2nd period - Shot Misses the Net.
14:28 of 2nd period - Penalty to Nick Holden is over, Nick Holden is back on ice.
15:22 of 2nd period - Dennis Everberg is hit by Sven Baertschi and loses puck.
15:57 of 2nd period - Snap shot by Cristoval Nieves.
15:57 of 2nd period - Stopped by Anders Lindback with a rebound.
15:59 of 2nd period - Slapshot by Mark Alt.
15:59 of 2nd period - Shot Misses the Net.
16:01 of 2nd period - Backhand shot by Mark Alt.
16:01 of 2nd period - Shot Misses the Net.
16:23 of 2nd period - Brandon Pirri is hit by Dalton Thrower and loses puck.
16:58 of 2nd period - Snap shot by Michal Repik.
16:58 of 2nd period - Stopped by Anders Lindback with a rebound.
17:08 of 2nd period - Slapshot by Jonathan Tremblay.
17:08 of 2nd period - Stopped by Andrew Hammond without a rebound.
17:09 of 2nd period - Calle Jarnkrok wins face-off versus Matt Beleskey in Harfangs zone.
17:09 of 2nd period - Calle Jarnkrok is hit by Anton Lander.
18:01 of 2nd period - Mark Alt is hit by Logan Shaw.
18:22 of 2nd period - Michal Repik is hit by Sven Baertschi and loses puck.
18:53 of 2nd period - Wrist shot by Cam Atkinson.
18:53 of 2nd period - Stopped by Anders Lindback without a rebound.
18:54 of 2nd period - Anton Lander wins face-off versus Calle Jarnkrok in Mulligans zone.
18:59 of 2nd period - Snap shot by Cody Goloubef.
18:59 of 2nd period - Shot Misses the Net.
19:01 of 2nd period - Minor Penalty to Nathan Beaulieu for Cross-checking.
19:02 of 2nd period - Maxime Macenauer wins face-off versus Cam Atkinson in Harfangs zone.
19:07 of 2nd period - Backhand shot by Eric Tangradi.
19:07 of 2nd period - Shot Blocked by Reid McNeill.
19:09 of 2nd period - Snap shot by Eric Tangradi.
19:09 of 2nd period - Stopped by Andrew Hammond with a rebound.
19:11 of 2nd period - Snap shot by Cody Goloubef.
19:11 of 2nd period - Stopped by Andrew Hammond with a rebound.
19:13 of 2nd period - Wrist shot by Maxime Macenauer.
19:13 of 2nd period - Stopped by Andrew Hammond without a rebound.
19:14 of 2nd period - Cam Atkinson wins face-off versus Maxime Macenauer in Harfangs zone.
Goals for this period are 0 for Mulligans vs 1 for Harfangs.
Shots for this period are 6 for Mulligans vs 12 for Harfangs.
3rd period
0:01 of 3rd period - Maxime Macenauer wins face-off versus Cam Atkinson in neutral zone.
0:34 of 3rd period - Slapshot by Matt Donovan.
0:34 of 3rd period - Goal by Matt Donovan - Mulligans : 2 - Harfangs : 2.
0:35 of 3rd period - Calle Jarnkrok wins face-off versus Maxime Macenauer in neutral zone.
1:23 of 3rd period - Snap shot by Andreas Martinsen.
1:23 of 3rd period - Stopped by Anders Lindback with a rebound.
1:25 of 3rd period - Snap shot by Dennis Everberg.
1:25 of 3rd period - Shot Misses the Net.
1:27 of 3rd period - Slapshot by Reid McNeill.
1:27 of 3rd period - Stopped by Anders Lindback with a rebound.
1:29 of 3rd period - Wrist shot by Dennis Everberg.
1:29 of 3rd period - Shot Blocked by Matt Donovan.
1:31 of 3rd period - Snap shot by Dennis Everberg.
1:31 of 3rd period - Stopped by Anders Lindback without a rebound.
1:32 of 3rd period - Cody Eakin wins face-off versus Maxime Macenauer in Mulligans zone.
1:47 of 3rd period - Wrist shot by Jonathan Tremblay.
1:47 of 3rd period - Stopped by Andrew Hammond with a rebound.
2:17 of 3rd period - Wrist shot by Dennis Everberg.
2:17 of 3rd period - Shot Misses the Net.
2:50 of 3rd period - Minor Penalty to Christoph Bertschy for Hooking.
2:51 of 3rd period - Cody Eakin wins face-off versus Eric Tangradi in Mulligans zone.
2:59 of 3rd period - Snap shot by Cam Atkinson.
2:59 of 3rd period - Shot Misses the Net.
3:01 of 3rd period - Slapshot by Dustin Jeffrey.
3:01 of 3rd period - Shot Blocked by Thomas Hickey.
3:21 of 3rd period - Snap shot by Tomas Tatar.
3:21 of 3rd period - Stopped by Anders Lindback with a rebound.
3:23 of 3rd period - Slapshot by Mark Alt.
3:23 of 3rd period - Deflect By Tomas Tatar.
3:23 of 3rd period - Goal by Tomas Tatar - Mulligans : 2 - Harfangs : 3.
3:24 of 3rd period - Maxime Macenauer wins face-off versus Cody Eakin in neutral zone.
3:36 of 3rd period - Minor Penalty to Cam Atkinson for Hooking.
3:37 of 3rd period - Sebastian Wannstrom wins face-off versus Maxime Macenauer in Harfangs zone.
4:19 of 3rd period - Andreas Martinsen is hit by Matt Beleskey and loses puck.
5:36 of 3rd period - Penalty to Cam Atkinson is over, Cam Atkinson is back on ice.
5:42 of 3rd period - Cody Goloubef is hit by Calle Jarnkrok and loses puck.
6:44 of 3rd period - Maxime Macenauer is hit by Brandon Saad.
7:30 of 3rd period - Andreas Martinsen is hit by Dalton Thrower.
8:27 of 3rd period - Matt Donovan is hit by Dennis Everberg and loses puck.
9:58 of 3rd period - Mark Alt is hit by Dalton Thrower.
10:14 of 3rd period - Snap shot by Calle Jarnkrok.
10:14 of 3rd period - Stopped by Anders Lindback with a rebound.
10:28 of 3rd period - Tomas Tatar is hit by Logan Shaw and loses puck.
10:35 of 3rd period - Tomas Tatar is hit by Thomas Hickey.
10:47 of 3rd period - Snap shot by Matt Beleskey.
10:47 of 3rd period - Stopped by Andrew Hammond without a rebound.
10:48 of 3rd period - Anton Lander wins face-off versus Cristoval Nieves in Harfangs zone.
11:19 of 3rd period - Michal Repik is hit by Anton Lander.
11:37 of 3rd period - Wrist shot by Matt Beleskey.
11:37 of 3rd period - Shot Misses the Net.
11:49 of 3rd period - Brian Lashoff is hit by Matt Beleskey and loses puck.
11:56 of 3rd period - Snap shot by Thomas Hickey.
11:56 of 3rd period - Deflect By Anton Lander.
11:56 of 3rd period - Shot Misses the Net.
11:56 of 3rd period - Puck is out of play.
11:57 of 3rd period - Dustin Jeffrey wins face-off versus Maxime Macenauer in Harfangs zone.
12:26 of 3rd period - Snap shot by Brandon Pirri.
12:26 of 3rd period - Shot Misses the Net.
12:28 of 3rd period - Slapshot by Reid McNeill.
12:28 of 3rd period - Stopped by Anders Lindback with a rebound.
12:30 of 3rd period - Wrist shot by Tomas Tatar.
12:30 of 3rd period - Shot Misses the Net.
12:32 of 3rd period - Snap shot by Tomas Tatar.
12:32 of 3rd period - Shot Misses the Net.
12:34 of 3rd period - Slapshot by Alex Plante.
12:34 of 3rd period - Shot Misses the Net.
12:36 of 3rd period - Slapshot by Tomas Tatar.
12:36 of 3rd period - Stopped by Anders Lindback with a rebound.
13:06 of 3rd period - Jonathan Tremblay is hit by Mark Alt and loses puck.
15:32 of 3rd period - Brandon Pirri is hit by Sven Baertschi and loses puck.
16:10 of 3rd period - Icing by Brenden Kichton.
16:11 of 3rd period - Cristoval Nieves wins face-off versus Nick Shore in Harfangs zone.
16:28 of 3rd period - Snap shot by Cristoval Nieves.
16:28 of 3rd period - Shot Misses the Net.
16:52 of 3rd period - Slapshot by Dennis Everberg.
16:52 of 3rd period - Shot Misses the Net.
17:02 of 3rd period - Snap shot by Cody Goloubef.
17:02 of 3rd period - Shot Misses the Net.
17:08 of 3rd period - Backhand shot by Matt Beleskey.
17:08 of 3rd period - Stopped by Andrew Hammond with a rebound.
17:10 of 3rd period - Snap shot by Matt Beleskey.
17:10 of 3rd period - Deflect By Anton Lander.
17:10 of 3rd period - Stopped by Andrew Hammond with a rebound.
17:32 of 3rd period - Christoph Bertschy is hit by Calle Jarnkrok.
17:36 of 3rd period - Joonas Donskoi is hit by Calle Jarnkrok and loses puck.
17:51 of 3rd period - Snap shot by Matt Niskanen.
17:51 of 3rd period - Deflect By Dennis Everberg.
17:51 of 3rd period - Stopped by Andrew Hammond with a rebound.
17:55 of 3rd period - Wrist shot by Matt Niskanen.
17:55 of 3rd period - Stopped by Andrew Hammond with a rebound.
17:57 of 3rd period - Snap shot by Christoph Bertschy.
17:57 of 3rd period - Shot Misses the Net.
17:59 of 3rd period - Snap shot by Joonas Donskoi.
17:59 of 3rd period - Shot Misses the Net.
18:37 of 3rd period - Slapshot by Thomas Hickey.
18:37 of 3rd period - Stopped by Andrew Hammond with a rebound.
18:39 of 3rd period - Slapshot by Matt Niskanen.
18:39 of 3rd period - Deflect By Joonas Donskoi.
18:39 of 3rd period - Shot Blocked by Brian Lashoff.
18:39 of 3rd period - Puck is out of play.
18:40 of 3rd period - Cody Eakin wins face-off versus Nick Shore in Harfangs zone.
18:40 of 3rd period - Cody Eakin is hit by Logan Shaw.
18:50 of 3rd period - Mulligans, Anders Lindback is pulled from the net.
19:06 of 3rd period - Dustin Jeffrey is hit by Cade Fairchild and loses puck.
19:17 of 3rd period - Snap shot by Dustin Jeffrey.
19:17 of 3rd period - Shot Blocked by Jonathan Tremblay.
19:39 of 3rd period - Snap shot by Jonathan Tremblay.
19:39 of 3rd period - Shot Misses the Net.
19:41 of 3rd period - Snap shot by Maxime Macenauer.
19:41 of 3rd period - Shot Misses the Net.
19:43 of 3rd period - Wrist shot by Maxime Macenauer.
19:43 of 3rd period - Stopped by Andrew Hammond without a rebound.
19:44 of 3rd period - Andy Murray call a timeout for Mulligans.
19:44 of 3rd period - Maxime Macenauer wins face-off versus Cody Eakin in Harfangs zone.
19:50 of 3rd period - Icing by Brian Lashoff.
19:51 of 3rd period - Cody Eakin wins face-off versus Maxime Macenauer in Harfangs zone.
Goals for this period are 1 for Mulligans vs 1 for Harfangs.
Shots for this period are 9 for Mulligans vs 8 for Harfangs.
Back to the Top